 Dungeon Crawl Stone Soup version 0.30-a0-738-g116ff8c4af (webtiles) character file.

Game seed: 6500886517912468671

3418 diecastcamel the Fighter (level 10, -2/111 HPs)
             Began as an Ogre Berserker on Jan 30, 2023.
             Was a Priest of Trog.
             Slain by a two-headed ogre
             ... wielding a +0 giant spiked club
              (11 damage)
             ... on level 8 of the Dungeon on Feb 3, 2023.
             The game lasted 01:01:02 (8721 turns).

diecastcamel the Fighter (Ogre Berserker)           Turns: 8721, Time: 01:01:02

Health: -2/111     AC:  7    Str: 29    XL:     10   Next: 5%
Magic:  19/19      EV: 10    Int:  8    God:    Trog [***...]
Gold:   361        SH:  0    Dex:  8    Spells: 9/9 levels left

rFire   . . .      SeeInvis .    w - +10 dagger of the Thirteen Thickets {venom, Will+ MP+9 Str+2}
rCold   . . .      Faith    +    (no shield)
rNeg    . . .      Spirit   .    x - +0 steam dragon scales
rPois   .          Reflect  .    (helmet restricted)
rElec   .          Harm     .    A - +0 cloak
rCorr   .          Rampage  .    (gloves unavailable)
Will    ++...                    (boots unavailable)
Stlth   +                        i - amulet of faith
HPRegen 0.38/turn                (no ring)
MPRegen 0.16/turn                (no ring)

@: no status effects
A: large, unfitting armour, tough skin 1
a: Renounce Religion, Berserk, Trog's Hand


You were on level 8 of the Dungeon.
You worshipped Trog.
Trog was most pleased with you.
You visited 1 branch of the dungeon, and saw 8 of its levels.

You collected 361 gold pieces.

Inventory:

Hand Weapons
 m - a +0 giant club
 w - the +10 dagger of the Thirteen Thickets (weapon) {venom, Will+ MP+9 Str+2}
   (You found it on level 6 of the Dungeon)

   Str:       It affects your strength (+2).
   MP:        It affects your magic capacity (+9).
   Will:      It increases your willpower.
 C - a +0 trident
Missiles
 f - 36 stones
 q - 6 boomerangs
 v - 12 boomerangs of dispersal
 y - 4 javelins
 z - a poisoned dart (quivered)
Armour
 x - +0 steam dragon scales (worn)
 A - a +0 cloak (worn)
Jewellery
 i - an amulet of faith (around neck)
Wands
 t - a wand of paralysis (12)
Scrolls
 c - 2 scrolls of teleportation
 d - a scroll of fog
 g - a scroll of blinking
 j - a scroll of poison
 l - a scroll of fear
 u - a scroll of butterflies
 B - a scroll of vulnerability {unknown}
Potions
 b - a potion of attraction {unknown}
 e - 2 potions of flight
 h - a potion of mutation {unknown}
 n - a potion of heal wounds {unknown}
 o - a potion of berserk rage {unknown}
 p - 2 potions of haste
 r - 2 potions of brilliance {unknown}
 s - 3 potions of curing


   Skills:
 + Level 10.9 Fighting
 - Level 8.0 Polearms
 + Level 7.1 Throwing
 + Level 5.4 Dodging


You had 9 spell levels left.
You didn't know any spells.
Your spell library was empty.

Dungeon Overview and Level Annotations

Branches:
Dungeon (8/15)             Temple (0/1) D:6
   Lair: D:8-11

Altars:
Ashenzari
Dithmenos
Makhleb
Nemelex Xobeh
Uskayaw

Shops:
D:1 (:[:


Innate Abilities, Weirdness & Mutations

You are too large for most types of armour.
You have tough skin. (AC +1)


Message History

The poisoned dart barely misses the two-headed ogre.
Throw: 2 darts (poison)
Press: ? - help, Q - select action, (/) - cycle Shift-Dir - straight line, f/p - two-headed ogre
Aim: a two-headed ogre, wielding a +0 giant spiked club and a +0 giant club (heavily wounded, very poisoned, 77% to hit)
You throw a poisoned dart.
The poisoned dart hits the two-headed ogre!
The two-headed ogre looks as sick as possible!
The two-headed ogre is heavily wounded.
You hit the two-headed ogre.
The two-headed ogre looks as sick as possible!
The two-headed ogre is severely wounded.
The two-headed ogre hits you with a +0 giant spiked club.
The two-headed ogre hits you with a +0 giant club!
You puncture the two-headed ogre!
The two-headed ogre looks as sick as possible!
The two-headed ogre is almost dead.
The two-headed ogre closely misses you.
The two-headed ogre hits you with a +0 giant club.
You barely miss the two-headed ogre.
The two-headed ogre is almost dead.
You barely miss the two-headed ogre.
The two-headed ogre is almost dead.
The two-headed ogre hits you with a +0 giant spiked club!!
The two-headed ogre closely misses you.
You hit the two-headed ogre but do no damage.
The two-headed ogre looks as sick as possible!
The two-headed ogre is almost dead.
The two-headed ogre hits you with a +0 giant spiked club!!
The two-headed ogre hits you with a +0 giant club!
* * * LOW HITPOINT WARNING * * *
You closely miss the two-headed ogre.
The two-headed ogre is almost dead.
You feel better. The two-headed ogre barely misses you.
The two-headed ogre hits you with a +0 giant club!
* * * LOW HITPOINT WARNING * * *
You feel better.
The two-headed ogre hits you with a +0 giant spiked club!!
* * * LOW HITPOINT WARNING * * *
The two-headed ogre hits you with a +0 giant club!
You die...

### #@#
#O# #(#
#.# #.#
##'######
#.......#
#.(.....#
#.......#


You could see a two-headed ogre (extremely poisoned).

Vanquished Creatures
  A shadow (D:5)
  Eustachio (D:6)
  A steam dragon (D:6)
  5 water moccasins
  Duvessa (D:4)
  3 orc warriors
  A sky beast (D:7)
  4 black bears
  An ogre (D:7)
  A phantom (D:7)
  3 kobold brigands
  4 bullfrogs (D:7)
  4 scorpions
  A wight (D:7)
  Dowan (D:4)
  An electric eel (D:6)
  A crimson imp (D:7)
  A howler monkey (D:5)
  A jelly (D:5)
  3 hounds (D:6)
  2 orc priests (D:7)
  Jessica (D:2)
  4 iguanas
  3 orc wizards
  3 gnolls (D:7)
  8 adders
  A shadow imp (D:5)
  A white imp (D:5)
  An ufetubus (D:4)
  A worm (D:4)
  4 dart slugs
  14 orcs
  5 ball pythons
  7 endoplasms
  A giant cockroach (D:3)
  9 goblins
  5 hobgoblins
  6 jackals
  A quokka (D:2)
  5 bats
  3 frilled lizards
  8 kobolds
  8 rats
140 creatures vanquished.

Vanquished Creatures (others)
  6 plants
6 creatures vanquished.

Grand Total: 146 creatures vanquished

Notes
Turn   | Place    | Note
-------+----------+-------------------------------------------
     0 | D:1      | diecastcamel the Ogre Berserker began the quest for the
                  | Orb.
     0 | D:1      | Reached XP level 1. HP: 24/24 MP: 1/1
    84 | D:1      | Found Ellurenu's Armour Emporium.
   190 | D:1      | Found Uzomaan's Book Boutique.
   210 | D:1      | Found Mueduvie's Weapon Emporium.
   302 | D:1      | Found a faded altar of an unknown god.
   352 | D:1      | Reached XP level 2. HP: 28/32 MP: 2/2
   376 | D:1      | Found Povuwuid's Book Boutique.
   733 | D:2      | Noticed Jessica
   734 | D:2      | Upgraded the game from 0.30-a0-728-gc68057be0a to
                  | 0.30-a0-737-gf23d94013f
   945 | D:2      | Killed Jessica
   946 | D:2      | Reached XP level 3. HP: 40/40 MP: 3/3
   956 | D:2      | Reached XP level 4. HP: 48/49 MP: 4/4
  1026 | D:2      | Reached skill level 5 in Fighting
  1537 | D:2      | Found a broken altar of Ashenzari.
  1931 | D:3      | Reached ** piety under Trog
  2045 | D:3      | Found a sparkling altar of Nemelex Xobeh.
  2363 | D:3      | Reached XP level 5. HP: 56/57 MP: 5/5
  2367 | D:3      | Found a hide-covered altar of Uskayaw.
  2475 | D:3      | Reached skill level 1 in Throwing
  3468 | D:4      | Noticed a black bear
  3551 | D:4      | Killed a black bear
  3552 | D:4      | Reached skill level 6 in Fighting
  3552 | D:4      | Reached skill level 5 in Polearms
  3552 | D:4      | Reached XP level 6. HP: 67/67 MP: 6/6
  3585 | D:4      | Noticed Dowan
  3599 | D:4      | Killed Dowan
  3647 | D:4      | Noticed Duvessa
  3669 | D:4      | Killed Duvessa
  4177 | D:4      | Noticed a water moccasin
  4187 | D:4      | Killed a water moccasin
  4188 | D:4      | Reached XP level 7. HP: 76/76 MP: 7/7
  4368 | D:5      | Entered Level 5 of the Dungeon
  4547 | D:5      | Reached skill level 7 in Fighting
  4661 | D:5      | Noticed a shadow
  4673 | D:5      | Killed a shadow
  4871 | D:5      | Reached XP level 8. HP: 54/88 MP: 8/8
  5092 | D:5      | Reached skill level 8 in Fighting
  5705 | D:6      | Reached skill level 5 in Throwing
  6149 | D:6      | Reached *** piety under Trog
  6152 | D:6      | Reached skill level 9 in Fighting
  6244 | D:6      | Reached XP level 9. HP: 93/98 MP: 9/9
  6278 | D:6      | Identified the +10 dagger of the Thirteen Thickets {venom,
                  | Will+ MP+9 Str+2}
  6380 | D:6      | Noticed Eustachio
  6397 | D:6      | Killed Eustachio
  6471 | D:6      | Found a staircase to the Ecumenical Temple.
  7198 | D:7      | Found a shadowy altar of Dithmenos.
  7447 | D:7      | Reached skill level 10 in Fighting
  7681 | D:7      | Upgraded the game from 0.30-a0-737-gf23d94013f to
                  | 0.30-a0-738-g116ff8c4af
  7718 | D:7      | Reached skill level 5 in Dodging
  8176 | D:7      | Reached XP level 10. HP: 110/111 MP: 10/10
  8530 | D:7      | Found a burning altar of Makhleb.
  8693 | D:8      | Noticed a two-headed ogre
  8721 | D:8      | Slain by a two-headed ogre

Illustrated notes

Levels and vault maps discovered:
D:1:      arrival_zaba_pyramid, layout_basic,
          shapermc_ecumenical_altar_starsandcircs, serial_shops, shop, shop,
          shop, shop
D:2:      layout_loops_cross, basic_altar, minivault_23, corexii_shack,
          uniq_jessica
D:3:      layout_loops_corners, nemelex_dance_club_becter, marbit_many_paths,
          hangedman_abyss_or_decor_stabs
D:4:      layout_basic, nrook_campfire, uniq_duvessa
D:5:      layout_loops_ring
D:6:      layout_gridville, minmay_temple_entry_nine_rooms,
          serial_bayou_lagoon_a, minmay_unpleasant_kobolds, uniq_eustachio
D:7:      layout_basic, makhleb_grotto_becter, grunt_dithmenos_smoke,
          minmay_fractal_squares_diagonal_5
D:8:      layout_basic, mainiacjoe_overflow_brackets, uniq_maurice, uniq_erica,
          uniq_joseph

Skill      XL: |  1  2  3  4  5  6  7  8  9 |
---------------+----------------------------+-----
Polearms       | 4 5 6 7 8 |  8.0
Fighting       | 5 6 7 9 10 | 10.9
Throwing       | 2 3 4 5 7 |  7.1
Dodging        | 3 5 |  5.4

Action                     |  1- 3 |  4- 6 |  7- 9 | 10-12 || total
---------------------------+-------+-------+-------+-------++-------
  Melee: Spear             |    91 |   239 |   128 |       ||   458
         Punch             |       |     1 |     1 |       ||     2
         Dagger            |       |       |    99 |    18 ||   117
  Throw: Stone             |     2 |     7 |    10 |     4 ||    23
         Boomerang         |       |    14 |    52 |     3 ||    69
         Dart              |       |     6 |    21 |     8 ||    35
         Throwing net      |       |     1 |       |       ||     1
         Javelin           |       |       |     1 |       ||     1
 Invoke: Berserk           |     1 |     4 |     4 |       ||     9
         Trog's Hand       |       |     1 |     1 |       ||     2
    Use: Scroll            |       |     6 |     5 |       ||    11
         Potion            |       |       |       |     2 ||     2
 Armour: Animal skin       |    18 |    25 |    36 |       ||    79
         Steam dragon scal |       |       |    29 |     3 ||    32
  Dodge: Dodged            |    41 |    73 |    86 |     7 ||   207

Table legend: (Time is in decaauts)
 A = Elapsed time spent in this place.
 B = Non-inter-level travel time spent in this place.
 C = Inter-level travel time spent in this place.
 D = Time resting spent in this place.
 E = Time spent auto-exploring this place.
 F = Levels seen in this place.
 G = Mean time per level.
                   A        B        C        D        E       F      G
               +--------+--------+--------+--------+--------+-----+--------+
         Total |   8715 |   8230 |    485 |   1300 |   5035 |   8 | 1089.4 |
       Dungeon |   8715 |   8230 |    485 |   1300 |   5035 |   8 | 1089.4 |
               +--------+--------+--------+--------+--------+-----+--------+

Top non-repeatable levels by time:
     D:7: 1704 daAuts
     D:6: 1314 daAuts
     D:5: 1285 daAuts
     D:4: 1274 daAuts
     D:3: 1213 daAuts
     D:2: 1069 daAuts
     D:1: 813 daAuts
     D:8: 39 daAuts
